 Dungeon Crawl Stone Soup version 0.31-a0-705-ga145531891 (webtiles) character file.

Game seed: 310663396545260535

179 cforsyth the Trooper (level 5, -1/42 HPs)
             Began as a Djinni Chaos Knight on Sept 9, 2023.
             Was a Plaything of Xom.
             Slain by an ogre
             ... wielding a +0 giant club
              (30 damage)
             ... on level 4 of the Dungeon.
             The game lasted 00:03:56 (2146 turns).

cforsyth the Trooper (Djinni Chaos Knight)          Turns: 2146, Time: 00:03:57

Health: -1/42      AC:  5    Str: 15    XL:     5   Next: 90%
Gold:   83         EV: 12    Int: 20    God:    Xom [..*...] SH:  0 Dex: 12

rFire   + + .        a - +0 falchion (chaos)
rCold   . . .        (no shield)
rNeg    . . .        l - +2 leather armour {rC+}
rPois   ∞            (no helmet)
rElec   +            (no cloak)
rCorr   .            (no gloves)
SInv    +            (boots unavailable)
Will    .....        (no amulet)
Stlth   +            g - ring of see invisible
HPRegen 0.27/turn    d - +6 ring of intelligence
MPRegen 0.00/turn

%: infuse magic (-2 HP)
@: flying, very slightly contaminated
A: sickness immunity, fire resistance 2, cold vulnerability 1, float, innate
caster, HP casting, extra vitality 1, electricity resistance, strong 1, no
potion heal 1
a: Renounce Religion


You were on level 4 of the Dungeon.
You worshipped Xom.
You were a toy of Xom.
You visited 1 branch of the dungeon, and saw 4 of its levels.

You collected 83 gold pieces.

Inventory:

Hand Weapons
 a - a +0 falchion of chaos (weapon)
Armour
 b - a +2 leather armour
 l - a +2 leather armour of cold resistance (worn)
Jewellery
 d - a +6 ring of intelligence (right hand)
 g - a ring of see invisible (left hand)
Wands
 e - a wand of polymorph (9)
Scrolls
 c - a scroll of butterflies
 f - a scroll of blinking
 j - a scroll of teleportation
Potions
 h - 2 potions of haste
 i - 3 potions of curing
 k - a potion of brilliance
 m - a potion of resistance {unknown}
 n - a potion of might {unknown}


   Skills:
 + Level 4.6 Fighting
 - Level 2.8 Long Blades
 - Level 1.3 Armour
 - Level 2.4 Dodging
 + Level 2.2 Spellcasting
 + Level 2.2 Conjurations
 + Level 2.2 Hexes
   Level 0.0 Charms
 + Level 2.2 Summonings
 + Level 2.2 Necromancy
 + Level 2.2 Translocations
 + Level 2.2 Transmutations
 + Level 2.2 Fire Magic
 + Level 2.2 Ice Magic
 + Level 2.2 Air Magic
 + Level 2.2 Earth Magic
 + Level 2.2 Poison Magic


You knew the following spells:

 Your Spells              Type           Power      Damage    Failure   Level
a - Foxfire               Conj/Fire      44%        2x1d6     8%          1
b - Ensorcelled Hibernat  Hex/Ice        22%        N/A       12%         2
Your spell library was empty.

Dungeon Overview and Level Annotations

Branches:
Dungeon (4/15)
 Temple: D:4-7

Altars:


Innate Abilities, Weirdness & Mutations

You are immune to sickness and miasma.
You are immune to poison.
Your flesh is very heat resistant. (rF++)
You are vulnerable to cold. (rC-)
You float through the air rather than walking.
You learn spells naturally, not from books.
Your magical power is your life essence.
You have superior vitality. (+4 MHP)
You are resistant to electric shocks. (rElec)
Your muscles are strong. (Str +4, Int/Dex -1)
Potions are less effective at restoring your health.


Message History

Confirm with . or Enter, or press ? or * to list all spells.
Aiming: Ensorcelled Hibernation (safe; 12% risk of failure)
Press: ? - help, Shift-Dir - straight line, f - ogre
Aim: an ogre, wielding a +0 giant club (chance to affect: 45%)
The ogre resists with some effort.
Casting: Ensorcelled Hibernation (safe; 12% risk of failure)
Confirm with . or Enter, or press ? or * to list all spells.
Aiming: Ensorcelled Hibernation (safe; 12% risk of failure)
Press: ? - help, Shift-Dir - straight line, f/p - ogre
Aim: an ogre, wielding a +0 giant club (chance to affect: 45%)
You miscast Ensorcelled Hibernation.
You are very lightly contaminated with residual magic.
Nothing appears to happen.
Casting: Ensorcelled Hibernation (safe; 12% risk of failure)
Confirm with . or Enter, or press ? or * to list all spells.
Aiming: Ensorcelled Hibernation (safe; 12% risk of failure)
Press: ? - help, Shift-Dir - straight line, f/p - ogre
Aim: an ogre, wielding a +0 giant club (chance to affect: 45%)
The ogre resists with some effort.
The ogre closely misses you.
Casting: Ensorcelled Hibernation (safe; 12% risk of failure)
Confirm with . or Enter, or press ? or * to list all spells.
Aiming: Ensorcelled Hibernation (safe; 12% risk of failure)
Press: ? - help, Shift-Dir - straight line, f/p - ogre
Aim: an ogre, wielding a +0 giant club (chance to affect: 45%)
The ogre looks drowsy...
The helpless ogre fails to defend itself.
You hit the ogre.
The ogre is lightly wounded.
The ogre barely misses you. The gnoll hits you but does no damage.
You closely miss the ogre.
The ogre is lightly wounded.
The gnoll hits you from afar with a +0 halberd!
The ogre barely misses you.
You hit the ogre but do no damage.
The ogre is lightly wounded.
The gnoll closely misses you. The gnoll barely misses you.
The ogre hits you with a +0 giant club!!
Ouch! That really hurt!
You die...
Xom titters!

#........#########........
#:.......# #.............
#........# ##.####.....#..
#........###..###......# .
#######.....<###.......#
#...##)....#.....#
#...#).###########
#...##....##
#...#####@.#######
#.#..)..O........#
#....P..PPg#####..
#....~~~~..# #.#....PP..#
#.#..~~~~..# #.#.P...PP..
#.#.........
####.###.......#


You could see an ogre and a gnoll.

Vanquished Creatures
  Ijyb (D:3)
  An orc wizard (D:3)
  4 gnolls
  An adder (D:2)
  2 worms (D:2)
  2 dart slugs
  4 orcs
  3 ball pythons
  5 bats
  5 endoplasms
  2 giant cockroaches
  9 goblins
  5 hobgoblins
  3 jackals (D:1)
  3 quokkas
  4 frilled lizards
  6 kobolds
  4 rats
64 creatures vanquished.

Vanquished Creatures (collateral kills)
  2 foxfires (D:2)
2 creatures vanquished.

Vanquished Creatures (others)
  78 foxfires
78 creatures vanquished.

Grand Total: 144 creatures vanquished

Notes
Turn   | Place    | Note
-------+----------+-------------------------------------------
     0 | D:1      | cforsyth the Djinni Chaos Knight began the quest for the
                  | Orb.
     0 | D:1      | Reached XP level 1. HP: 20/20 MP: 0/0
    10 | D:1      | Reached XP level 2. HP: 8/25 MP: 0/0
   139 | D:1      | Reached XP level 3. HP: 29/30 MP: 0/0
   139 | D:1      | Learned a level 1 spell: Foxfire
   595 | D:2      | Reached skill level 1 in Spellcasting
   595 | D:2      | Reached skill level 1 in Conjurations
   595 | D:2      | Reached skill level 1 in Hexes
   595 | D:2      | Reached skill level 1 in Summonings
   595 | D:2      | Reached skill level 1 in Necromancy
   595 | D:2      | Reached skill level 1 in Translocations
   595 | D:2      | Reached skill level 1 in Transmutations
   595 | D:2      | Reached skill level 1 in Fire Magic
   595 | D:2      | Reached skill level 1 in Ice Magic
   595 | D:2      | Reached skill level 1 in Air Magic
   595 | D:2      | Reached skill level 1 in Earth Magic
   595 | D:2      | Reached skill level 1 in Poison Magic
   648 | D:2      | Reached XP level 4. HP: 25/37 MP: 0/0
   676 | D:2      | XOM: divination: detect creatures
   722 | D:2      | You are sucked into a shaft and drop 1 floor!
   732 | D:3      | XOM is BORED!
   732 | D:3      | XOM: 3-stop teleportation journey
   819 | D:3      | XOM: noise
   827 | D:3      | XOM: silly message
   849 | D:3      | Gained mutation: Potions are less effective at restoring
                  | your health. [potion of mutation]
   849 | D:3      | Gained mutation: You are resistant to electric shocks.
                  | (rElec) [potion of mutation]
   849 | D:3      | Gained mutation: Your muscles are strong. (Str +4, Int/Dex
                  | -1) [potion of mutation]
   857 | D:3      | Reached skill level 4 in Fighting
   886 | D:3      | XOM: noise
  1105 | D:2      | Reached XP level 5. HP: 41/41 MP: 0/0
  1105 | D:2      | Learned a level 2 spell: Ensorcelled Hibernation
  1590 | D:3      | XOM: 3-stop teleportation journey
  1850 | D:3      | Noticed Ijyb
  1866 | D:3      | Killed Ijyb
  1944 | D:4      | Noticed an ogre
  2146 | D:4      | Slain by an ogre

Illustrated notes

Levels and vault maps discovered:
D:1:      minmay_arrival_floating_metal, layout_rooms
D:2:      layout_basic, serial_forest, infiniplex_forest_straight_5,
          infiniplex_forest_straight_5, infiniplex_forest_corner_1,
          infiniplex_forest_clump_medium, infiniplex_forest_clump_double,
          infiniplex_forest_lined_corner, infiniplex_forest_clump_tiny,
          infiniplex_forest_corner_1
D:3:      kennysheep_the_goblin_king, layout_rooms, kiku_gazebo_garden_becter
D:4:      layout_rooms, gammafunk_temple_overflow_elements, lemuel_doored_altar,
          serial_shops, shop, dreamdust_gnoll_farm

Skill      XL: |  1  2  3  4  5 |
---------------+----------------+-----
Spellcasting   | 1 2 |  2.2
Conjurations   | 1 2 |  2.2
Hexes          | 1 2 |  2.2
Summonings     | 1 2 |  2.2
Necromancy     | 1 2 |  2.2
Translocations | 1 2 |  2.2
Transmutations | 1 2 |  2.2
Fire Magic     | 1 2 |  2.2
Ice Magic      | 1 2 |  2.2
Air Magic      | 1 2 |  2.2
Earth Magic    | 1 2 |  2.2
Poison Magic   | 1 2 |  2.2
Fighting       | 4 |  4.6
Long Blades    | |  2.8
Armour         | |  1.3
Dodging        | |  2.4

Action                     |  1- 3 |  4- 6 || total
---------------------------+-------+-------++-------
  Melee: Falchion          |    47 |   103 ||   150
         Unarmed           |       |     7 ||     7
         Punch             |       |     1 ||     1
   Cast: Foxfire           |    25 |    19 ||    44
         Ensorcelled Hiber |       |     3 ||     3
    Use: Potion            |       |     3 ||     3
         Scroll            |       |     5 ||     5
   Stab: Sleeping          |       |     1 ||     1
 Armour: Leather armour    |    27 |    70 ||    97
         Skin              |       |     2 ||     2
  Dodge: Dodged            |    31 |    89 ||   120

Table legend: (Time is in decaauts)
 A = Elapsed time spent in this place.
 B = Non-inter-level travel time spent in this place.
 C = Inter-level travel time spent in this place.
 D = Time resting spent in this place.
 E = Time spent auto-exploring this place.
 F = Levels seen in this place.
 G = Mean time per level.
                   A        B        C        D        E       F      G
               +--------+--------+--------+--------+--------+-----+--------+
         Total |   2168 |   2105 |     63 |     48 |   1503 |   4 |  542.0 |
       Dungeon |   2168 |   2105 |     63 |     48 |   1503 |   4 |  542.0 |
               +--------+--------+--------+--------+--------+-----+--------+

Top non-repeatable levels by time:
     D:3: 767 daAuts
     D:2: 651 daAuts
     D:1: 576 daAuts
     D:4: 173 daAuts
